 Dungeon Crawl Stone Soup version 0.21-a0-215-g0631661 (webtiles) character file.

2449 namelastname112 the Summoner (level 9, 0/75 HPs)
             Began as a White Draconian Summoner on Aug 23, 2017.
             Was an Initiate of Ashenzari.
             Killed by divine providence
             ... invoked by an orc priest
              (12 damage)
             ... on level 7 of the Dungeon.
             The game lasted 00:12:56 (7405 turns).

namelastname112 the Summoner (DrSu)                 Turns: 7405, Time: 00:12:57

Health: 0/75       AC: 11    Str: 11    XL:     9   Next: 25%
Magic:  16/16      EV: 14    Int: 18    God:    Ashenzari [......]
Gold:   326        SH:  0    Dex: 12    Spells: 5/18 levels left

rFire    . . .     SeeInvis +   r - +2 quarterstaff (chaos)
rCold    + . .     Gourm    .   (shield currently unavailable)
rNeg     . . .     Faith    .   (armour unavailable)
rPois    .         Spirit   .   (helmet restricted)
rElec    .         Reflect  .   s - +1 cloak
rCorr    .         Harm     .   (no gloves)
MR       .....                  q - +1 pair of boots
Stlth    ++........             y - amulet of magic regeneration
HPRegen  0.22/turn              t - ring of see invisible
MPRegen  0.40/turn              (no ring)

@: no status effects
A: breathe frost, unfitting armour, cold resistance 1, cold-blooded, AC +7
a: Breathe Frost, Curse Item, Renounce Religion


You were on level 7 of the Dungeon.
You worshipped Ashenzari.
Ashenzari was noncommittal.
You were hungry.

You visited 2 branches of the dungeon, and saw 8 of its levels.

You collected 326 gold pieces.

Inventory:

Hand Weapons
 r - a +2 quarterstaff of chaos (weapon)
Armour
 q - a +1 pair of boots (worn)
 s - a +1 cloak (worn)
Jewellery
 h - an uncursed ring of fire
 t - a ring of see invisible (left hand)
 y - an amulet of magic regeneration (around neck)
Wands
 n - a wand of lightning (0/15)
 u - a wand of polymorph (24/24)
Scrolls
 c - a scroll of immolation
 d - a scroll of enchant armour
 f - 2 scrolls of remove curse
 j - 2 scrolls of magic mapping
 B - 4 scrolls of identify
 I - a scroll of amnesia
Potions
 e - a potion of agility {unknown}
 g - 3 potions of cancellation
 i - 2 potions of resistance {unknown}
 k - 2 potions of lignification {unknown}
 l - 5 potions of heal wounds {unknown}
 m - 2 potions of might {unknown}
 o - 3 potions of curing
 p - a potion of degeneration {unknown}
 v - a potion of berserk rage
 z - 4 potions of flight
 A - a potion of haste
 D - a potion of ambrosia {unknown}
Books
 a - a book of Callings

   Spells                             Type                      Level
   a - Summon Small Mammal            Summoning                    1
   b - Call Imp                       Summoning                    2
   c - Call Canine Familiar           Summoning                    3
   d - Summon Guardian Golem          Hexes/Summoning              3
   e - Summon Lightning Spire         Summoning/Air                4
   f - Summon Ice Beast               Ice/Summoning                4
 G - a book of Power

   Spells                             Type                      Level
   a - Iskenderun's Battlesphere      Conjuration/Charms           5
   b - Venom Bolt                     Conjuration/Poison           5
   c - Bolt of Magma                  Conjuration/Fire/Earth       5
   d - Iron Shot                      Conjuration/Earth            6
   e - Orb of Destruction             Conjuration                  7
   f - Spellforged Servitor           Conjuration/Summoning        7
Comestibles
 b - 2 bread rations
 x - 2 fruits
 F - a royal jelly
 H - a meat ration


   Skills:
 + Level 6.2 Fighting
 + Level 5.4 Dodging
 - Level 1.7 Stealth
 + Level 5.1 Spellcasting
 * Level 8.9 Summonings


You had 5 spell levels left.
You knew the following spells:

 Your Spells              Type           Power        Failure   Level  Hunger
a - Summon Ice Beast      Ice/Summ       ###.....     21%         4    ####...
c - Summon Lightning Spi  Summ/Air       ###.....     21%         4    ####...
x - Call Canine Familiar  Summ           #####...     1%          3    ##.....
z - Call Imp              Summ           #####...     1%          2    #......


Dungeon Overview and Level Annotations

Branches:
Dungeon (7/15)             Temple (1/1) D:5

Altars:
Ashenzari
Dithmenos
Elyvilon
Kikubaaqudgha
Uskayaw

Shops:
D:4 *


Innate Abilities, Weirdness & Mutations

You can breathe waves of freezing cold.
You can buffet flying creatures when you breathe cold.
Your icy white scales are hard. (AC +7)
You cannot fit into any form of body armour.
Your flesh is cold resistant. (rC+)
You are cold-blooded and may be slowed by cold attacks.


Message History

You are feeling hungry.
That choko was very bland.
The orc priest hits your lightning spire but does no damage.
Your lightning spire shoots out a bolt of lightning at the orc priest!
The bolt of electricity hits the orc priest.
Something barely misses your lightning spire.
The orc priest hits your lightning spire with a club.
What are your orders? t - Shout!
Orders for allies: a - Attack new target. r - Retreat! s - Stop attacking. g - Guard the area. f - Follow me.
Anything else - Cancel.
Gang up on whom?
Press: ? - help, Dir - move target cursor, f - orc priest
Aim: an orc priest, wielding a club and wearing a chain mail (heavily wounded) Attack!
The orc priest invokes the aid of Beogh against you.
Beogh smites you!
You die...

#######o.. #.........
#.#####§§§ #§§§ #§o§
#o§§ #§§§
#################o§§
#..@.....8o.))..)..§
#...#.....###.......
#...###....##........
#..## ##......#......
.... #......####...
..... ##....## ##..
..##.. #...## #. ..
#.. ....# .


You could see an orc priest and a friendly lightning spire.

Vanquished Creatures
  Pikel (D:5)
  A troll (D:7)
  Edmund (D:6)
  An ice beast (D:5)
  2 orc warriors (D:7)
  A sky beast (D:5)
  2 ogres
  Blork the orc (D:5)
  2 bullfrogs (D:6)
  A scorpion (D:5)
  A howler monkey (D:4)
  A crimson imp (D:5)
  3 orc priests
  5 hounds
  6 orc wizards
  An iguana (D:7)
  6 worker ants
  A hound skeleton (D:4)
  9 adders
  A shadow imp (D:6)
  2 adder skeletons
  4 worms
  4 dart slugs
  3 leopard geckos
  13 orcs
  3 ball pythons
  8 bats
  5 giant cockroaches
  8 goblins
  12 hobgoblins
  6 jackals
  4 quokkas
  7 frilled lizards
  14 kobolds
  A leopard gecko skeleton (D:5)
  6 rats
147 creatures vanquished.

Vanquished Creatures (collateral kills)
  Sigmund (D:3)
  Crazy Yiuf (D:2)
  A jelly (D:7)
  An orc priest (D:7)
  4 orc wizards
  Robin (D:2)
  2 adders (D:2)
  2 gnolls
  A leopard gecko (D:1)
  6 orcs (D:7)
  A giant cockroach (D:4)
  2 hobgoblins
  A kobold (D:3)
  A frilled lizard (D:4)
  7 goblins (D:2)
  A rat (D:1)
33 creatures vanquished.

Vanquished Creatures (others)
  A quokka (D:5)
1 creature vanquished.

Grand Total: 181 creatures vanquished

Notes
Turn   | Place    | Note
-------+----------+-------------------------------------------
     0 | D:1      | namelastname112 the Draconian Summoner began the quest for the Orb.
     0 | D:1      | Reached XP level 1. HP: 14/14 MP: 3/3
     0 | D:1      | epen: а потом блять ебись с твоими призраками
    73 | D:1      | namelastname112: ага
   290 | D:1      | Reached XP level 2. HP: 18/22 MP: 5/5
   322 | D:1      | Learned a level 2 spell: Call Imp
   557 | D:1      | Reached skill level 1 in Fighting
   849 | D:1      | Reached XP level 3. HP: 28/28 MP: 6/6
  1132 | D:1      | Learned a level 3 spell: Call Canine Familiar
  1542 | D:2      | Reached XP level 4. HP: 23/36 MP: 3/7
  1773 | D:2      | epen: Это нормально что я одним аирстрайком хуячу?
  1781 | D:2      | namelastname112: вполне
  1781 | D:2      | namelastname112: хороший спелл
  1781 | D:2      | namelastname112: только ас не оч пробивает
  1858 | D:2      | Noticed Robin
  1896 | D:2      | Killed Robin
  2039 | D:2      | Found a runed door.
  2265 | D:2      | Noticed Crazy Yiuf
  2273 | D:2      | Killed Crazy Yiuf
  2410 | D:3      | Reached XP level 5. HP: 16/42 MP: 2/8
  2551 | D:3      | Noticed Sigmund
  2563 | D:3      | Killed Sigmund
  2563 | D:3      | Reached skill level 5 in Summonings
  2567 | D:3      | Reached XP level 6. HP: 16/51 MP: 4/10
  3261 | D:4      | Found Duitteq's Desiderata Depot.
  3971 | D:4      | Your scales start taking on an icy white colour.
  3971 | D:4      | Reached XP level 7. HP: 46/58 MP: 6/12
  3971 | D:4      | Gained mutation: Your flesh is cold resistant. (rC+) [White Draconian growth]
  4032 | D:4      | Reached skill level 6 in Summonings
  4195 | D:5      | Entered Level 5 of the Dungeon
  4250 | D:5      | Noticed Blork the orc
  4256 | D:5      | Killed Blork the orc
  4681 | D:5      | Found a staircase to the Ecumenical Temple.
  4705 | Temple   | Entered the Ecumenical Temple
  4764 | Temple   | Became a worshipper of Ashenzari the Shackled
  4955 | D:5      | Learned a level 4 spell: Summon Lightning Spire
  5058 | D:5      | Noticed Pikel
  5063 | D:5      | Reached XP level 8. HP: 67/67 MP: 14/14
  5075 | D:5      | Killed Pikel
  5075 | D:5      | Reached skill level 5 in Fighting
  5075 | D:5      | Reached skill level 7 in Summonings
  5537 | D:5      | epen: ну
  5607 | D:6      | epen: животных самое то пиздить
  5672 | D:6      | Reached skill level 5 in Dodging
  5672 | D:6      | Reached skill level 8 in Summonings
  6019 | D:6      | Noticed Edmund
  6085 | D:6      | Killed Edmund
  6735 | D:7      | Learned a level 4 spell: Summon Ice Beast
  6758 | D:7      | Noticed a troll
  6778 | D:7      | Killed a troll
  6778 | D:7      | Reached skill level 5 in Spellcasting
  6778 | D:7      | Reached XP level 9. HP: 45/75 MP: 1/16
  7405 | D:7      | Killed from afar by an orc priest

Vault maps used:
D:1:      lightli_arrival_noodles, serial_forest, infiniplex_forest_straight_3,
          infiniplex_forest_end_3, infiniplex_forest_lined_4_way,
          infiniplex_forest_clump_small, infiniplex_forest_straight_4,
          infiniplex_forest_pool, infiniplex_forest_clump_diagonal,
          hangedman_abyss_or_decor_lesser_grid, hangedman_glass_garden
D:2:      minmay_diamond_boxcup, uniq_crazy_yiuf_cottage, uniq_robin
D:3:      minmay_crystal_water, uniq_sigmund
D:4:      minmay_opposing_rooms, first_bread, nicolae_alphabet_shops,
          minivault_25
D:5:      minmay_temple_entry_mist, uniq_blork_the_orc, uniq_pikel
D:6:      uniq_edmund
D:7:      patterned_corridor
Temple:   roderic_octagonal_lattice_temple

Skill      XL: |  1  2  3  4  5  6  7  8  9 |
---------------+----------------------------+-----
Dodging        | 2 3 4 5 |  5.4
Fighting       | 1 2 3 4 5 6 |  6.2
Summonings     | 5 6 8 |  8.9
Spellcasting   | 3 4 5 |  5.1
Stealth        | |  1.7

Action                   |  1- 3 |  4- 6 |  7- 9 || total
-------------------------+-------+-------+-------++-------
Melee: Dagger            |    24 |       |       ||    24
       Unarmed           |    17 |       |       ||    17
       Tailslap          |     9 |     9 |    20 ||    38
       Spear             |   138 |    47 |       ||   185
       Quarterstaff      |       |    96 |   198 ||   294
 Cast: Summon Small Mamm |    10 |       |       ||    10
       Call Imp          |     1 |     5 |     1 ||     7
       Call Canine Famil |     2 |     8 |     5 ||    15
       Summon Lightning  |       |       |    10 ||    10
       Summon Ice Beast  |       |       |     3 ||     3
 Abil: Breathe Frost     |       |       |     9 ||     9
Evoke: Wand              |       |       |     2 ||     2
  Use: Scroll            |       |    11 |     3 ||    14
       Potion            |       |       |     3 ||     3
 Stab: Sleeping          |     5 |     4 |     1 ||    10
       Paralysed         |       |     5 |     1 ||     6
       Petrifying        |       |       |     1 ||     1
  Eat: Chunk             |     3 |     8 |    15 ||    26
       Fruit             |       |       |     2 ||     2
Armor: Skin              |    49 |    43 |    84 ||   176
Dodge: Dodged            |    99 |   103 |   154 ||   356

Table legend:
 A = Spawn XP
 B = Non-spawn XP
 C = Spawn XP percentage of total XP
 D = Spawn monster count
 E = Non-spawn monster count
 F = Spawn count percentage of total count
 G = Total turns spent on level
                    A         B        C        D         E        F      G
               +---------+---------+-------+---------+---------+-------+---------
         Total |     429 |    3070 |  12.3 |      19 |     161 |  10.6 |  7405
               +---------+---------+-------+---------+---------+-------+---------
           D:1 |       8 |      58 |  12.1 |       5 |      30 |  14.3 |  1381
           D:2 |       1 |     110 |   0.9 |       1 |      31 |   3.1 |   945
           D:3 |       2 |     220 |   0.9 |       1 |      24 |   4.0 |   828
           D:4 |       8 |     373 |   2.1 |       2 |      18 |  10.0 |  1041
           D:5 |     208 |    1208 |  14.7 |       2 |      23 |   8.0 |  1296
           D:6 |       4 |     448 |   0.9 |       2 |      13 |  13.3 |   911
           D:7 |     198 |     653 |  23.3 |       6 |      22 |  21.4 |   927
               +---------+---------+-------+---------+---------+-------+---------
